[Event "ICC tourney 2074 (75 10)"]
[Site "Internet Chess Club"]
[Date "2020.10.24"]
[Round "1"]
[White "AF1015"]
[Black "KidCharlemagne4"]
[Result "0-1"]
[ICCResult "White resigns"]
[WhiteElo "923"]
[BlackElo "1245"]
[Opening "Sicilian: Hungarian variation"]
[ECO "B27"]
[NIC "SI.43"]
[Time "11:02:54"]
[PlyCount "53"]
[TimeControl "4500+10"]

1. e4 c5 2. Nf3 g6 3. Bc4 Bg7 4. Nc3 d6 5. h3 a6 6. Ng5 e6 7. d3 Nc6 8. Qf3
Nf6 9. h4 O-O 10. g4 Ne5 11. Qg3 Nexg4 12. f3 Ne5 13. f4 Nxc4 14. dxc4 Nh5
15. Qf3 Bxc3+ 16. bxc3 h6 17. Nh3 Qf6 18. Rg1 Qxh4+ 19. Nf2 Rb8 20. Rh1 Qf6
21. Qg3 Nxg3 22. Rg1 Qxc3+ 23. Bd2 Qxa1+ 24. Bc1 Qxc1+ 25. Nd1 Nxe4 26. Ke2
Qd2+ 27. Kf3 { White resigns } 0-1

[Event "ICC tourney 2074 (75 10)"]
[Site "Internet Chess Club"]
[Date "2020.10.24"]
[Round "1"]
[White "lucachesschess"]
[Black "tundrarules"]
[Result "1/2-1/2"]
[ICCResult "Game drawn by mutual agreement"]
[WhiteElo "1235"]
[BlackElo "1019"]
[Opening "QGD: Semi-Tarrasch defense"]
[ECO "D40"]
[NIC "TD.05"]
[Time "11:02:55"]
[PlyCount "50"]
[TimeControl "4500+10"]

1. d4 d5 2. c4 e6 3. Nc3 Nf6 4. Nf3 c5 5. dxc5 Bxc5 6. cxd5 exd5 7. Bg5 O-O
8. e3 Nc6 9. Be2 d4 10. exd4 Nxd4 11. Nxd4 Bxd4 12. O-O h6 13. Bf4 Bf5 14.
Bf3 Qb6 15. Qb3 Qxb3 16. axb3 Rfe8 17. Bxb7 Rad8 18. Rfd1 Bc2 19. Rd2 Bxb3
20. Bc7 Rd7 21. Bc6 Rxc7 22. Bxe8 Bxc3 23. bxc3 Nxe8 24. h3 Nf6 25. Rb2 Bd5
{ Game drawn by mutual agreement } 1/2-1/2

[Event "ICC tourney 2074 (75 10)"]
[Site "Internet Chess Club"]
[Date "2020.10.24"]
[Round "1"]
[White "BArkadia"]
[Black "QueeningPawn8"]
[Result "1-0"]
[ICCResult "Black resigns"]
[WhiteElo "1200"]
[BlackElo "907"]
[Opening "Sicilian: Scheveningen (Paulsen), classical variation"]
[ECO "B84"]
[NIC "SI.23"]
[Time "11:02:53"]
[PlyCount "66"]
[TimeControl "4500+10"]

1. e4 c5 2. Nf3 d6 3. d4 cxd4 4. Nxd4 Nf6 5. Nc3 a6 6. Be2 e6 7. Nb3 Be7 8.
O-O O-O 9. f4 Nc6 10. Kh1 b5 11. a3 Bb7 12. Be3 Qc7 13. Qe1 d5 14. e5 Ne4
15. Nxe4 dxe4 16. Qg3 f5 17. Bc5 Rad8 18. c4 Bxc5 19. Nxc5 Qe7 20. b4 Rd2
21. Rad1 Rfd8 22. cxb5 axb5 23. Rxd2 Rxd2 24. Bxb5 Nd4 25. Qe3 Nxb5 26.
Qxd2 Nxa3 27. Nxb7 Qxb7 28. Rd1 Nc4 29. Qd8+ Kf7 30. Rd7+ Qxd7 31. Qxd7+
Kg6 32. Qxe6+ Kh5 33. Qxf5+ Kh6 { Black resigns } 1-0

[Event "ICC tourney 2074 (75 10)"]
[Site "Internet Chess Club"]
[Date "2020.10.24"]
[Round "1"]
[White "TemporaryOtter"]
[Black "Nathan-Shamalov"]
[Result "0-1"]
[ICCResult "White checkmated"]
[WhiteElo "799"]
[BlackElo "1100"]
[Opening "King's pawn game"]
[ECO "C50"]
[NIC "IG.03"]
[Time "11:02:55"]
[PlyCount "112"]
[TimeControl "4500+10"]

1. e4 e5 2. Nf3 Nc6 3. Bc4 h6 4. c3 Nf6 5. Qe2 Bc5 6. O-O O-O 7. h3 a6 8.
Rd1 b5 9. Bb3 Na5 10. d4 exd4 11. cxd4 Nxb3 12. axb3 Bb6 13. Nc3 Re8 14. e5
d6 15. b4 Qe7 16. Bf4 Bb7 17. d5 dxe5 18. Bxe5 Nd7 19. Re1 Nxe5 20. Nxe5 f6
21. Ng6 Qxe2 22. Rxe2 Rxe2 23. Nxe2 Re8 24. Nef4 Bd4 25. Rc1 Be5 26. Re1
Kf7 27. g3 Bxf4 28. Rxe8 Kxe8 29. Nxf4 g5 30. Ne6 Kd7 31. Nc5+ Kc8 32. Nxb7
Kxb7 33. Kg2 c6 34. dxc6+ Kxc6 35. Kf3 Kd5 36. g4 Kc4 37. Ke3 Kxb4 38. Kd2
Kb3 39. Kc1 a5 40. f3 b4 41. Kb1 a4 42. Kc1 a3 43. bxa3 bxa3 44. Kd2 a2 45.
Ke3 a1=Q 46. f4 Qc1+ 47. Kf3 Qxf4+ 48. Kg2 Kc3 49. h4 Kd2 50. h5 Qxg4+ 51.
Kf2 Qf4+ 52. Kg2 Ke2 53. Kg1 Qg3+ 54. Kh1 Qg4 55. Kh2 Kf2 56. Kh1 Qg2# {
White checkmated } 0-1

[Event "ICC tourney 2074 (75 10)"]
[Site "Internet Chess Club"]
[Date "2020.10.24"]
[Round "1"]
[White "Maximusiv"]
[Black "Jmarley538"]
[Result "0-1"]
[ICCResult "White resigns"]
[WhiteElo "1008"]
[BlackElo "1276"]
[Opening "two knights: Max Lange attack, Schlechter variation"]
[ECO "C55"]
[NIC "KP.02"]
[Time "11:03:00"]
[PlyCount "38"]
[TimeControl "4500+10"]

1. e4 e5 2. Nf3 Nc6 3. Bc4 Nf6 4. d4 exd4 5. O-O Bc5 6. e5 d5 7. exf6 dxc4
8. Re1+ Be6 9. fxg7 Rg8 10. Ng5 Qf6 11. Nxh7 Qxg7 12. Ng5 O-O-O 13. g3 Bd5
14. Bf4 f6 15. Ne6 Qh7 16. Bxc7 Qxh2+ 17. Kf1 Qg2+ 18. Ke2 Bf3+ 19. Kd2
Bxd1 { White resigns } 0-1

[Event "ICC tourney 2074 (75 10)"]
[Site "Internet Chess Club"]
[Date "2020.10.24"]
[Round "1"]
[White "kushagra12"]
[Black "DaveGriffin"]
[Result "0-1"]
[ICCResult "White checkmated"]
[WhiteElo "1019"]
[BlackElo "826"]
[Opening "French: exchange variation"]
[ECO "C01"]
[NIC "FR.01"]
[Time "11:02:51"]
[PlyCount "124"]
[TimeControl "4500+10"]

1. e4 e6 2. d4 d5 3. exd5 exd5 4. c4 Nf6 5. Nc3 Bg4 6. Be2 Bxe2 7. Qxe2+
Be7 8. cxd5 O-O 9. Bg5 Re8 10. O-O-O Nxd5 11. Bxe7 Nxe7 12. Qc2 Nd7 13. Nf3
c6 14. Ng5 Ng6 15. Qb3 Qxg5+ 16. Kb1 Nb6 17. g3 Qf5+ 18. Ka1 Qxf2 19. Rhf1
Qxh2 20. Qxf7+ Kh8 21. Rde1 Rf8 22. Qxb7 Nc4 23. Ne4 Rfb8 24. Rf2 Qxf2 25.
Qxb8+ Rxb8 26. Nxf2 h6 27. b3 Na5 28. Re6 Kh7 29. Kb2 Rf8 30. Ne4 Rc8 31.
Nd6 Rc7 32. Nf5 c5 33. d5 c4 34. d6 c3+ 35. Kc2 Rd7 36. Kxc3 Nc6 37. Kc4
Nd8 38. Re7 Nxe7 39. dxe7 Rc7+ 40. Kd5 Rd7+ 41. Ke5 Nc6+ 42. Ke6 Nxe7 43.
Kxd7 Nxf5 44. g4 Nd4 45. Kd6 Kg6 46. Ke5 Nc2 47. Kf4 Kf6 48. a4 a5 49. Kg3
g5 50. Kh3 Ke5 51. Kg3 Nd4 52. b4 axb4 53. a5 b3 54. a6 Nb5 55. a7 Nxa7 56.
Kh3 Kf4 57. Kh2 b2 58. Kh3 b1=Q 59. Kh2 Qd3 60. Kh1 Qd2 61. Kg1 Kf3 62. Kh1
Qg2# { White checkmated } 0-1

[Event "ICC tourney 2074 (75 10)"]
[Site "Internet Chess Club"]
[Date "2020.10.24"]
[Round "1"]
[White "ayanloveschess"]
[Black "RatislavK"]
[Result "1-0"]
[ICCResult "Black resigns"]
[WhiteElo "897"]
[BlackElo "1138"]
[Opening "Sicilian: Nimzovich-Rossolimo attack (with ...g6, without ...d6)"]
[ECO "B31"]
[NIC "SI.31"]
[Time "11:03:11"]
[PlyCount "67"]
[TimeControl "4500+10"]

1. e4 c5 2. Nf3 Nc6 3. Bb5 g6 4. O-O Bg7 5. Nc3 Nd4 6. Bc4 Nf6 7. Re1 Qc7
8. e5 Ng4 9. d3 Nxf3+ 10. Qxf3 Nxe5 11. Qg3 d6 12. Nd5 Qc6 13. Bb5 Qxb5 14.
Nc7+ Kd7 15. Nxb5 a6 16. Nc3 b5 17. Bf4 Nc6 18. Rad1 Bb7 19. Nd5 Rae8 20.
Nb6+ Kc7 21. Nd5+ Kd7 22. c3 b4 23. cxb4 Nd4 24. Nb6+ Kc6 25. bxc5 dxc5 26.
Nc4 Bc8 27. Be5 Bxe5 28. Qxe5 Bh3 29. Qe4+ Kc7 30. gxh3 f5 31. Qd5 Rd8 32.
Qxc5+ Kb8 33. Qxe7 Rhe8 34. Qxe8 { Black resigns } 1-0

[Event "ICC tourney 2074 (75 10)"]
[Site "Internet Chess Club"]
[Date "2020.10.24"]
[Round "1"]
[White "JCJ2018"]
[Black "scarecrow"]
[Result "0-1"]
[ICCResult "White checkmated"]
[WhiteElo "1033"]
[BlackElo "1272"]
[Opening "Sicilian: Kan, 5.Nc3"]
[ECO "B43"]
[NIC "SI.41"]
[Time "11:02:56"]
[PlyCount "110"]
[TimeControl "4500+10"]

1. e4 c5 2. Nf3 e6 3. d4 cxd4 4. Nxd4 a6 5. Nc3 Qc7 6. Be2 Nf6 7. Bg5 Bb4
8. O-O Bxc3 9. Bxf6 gxf6 10. bxc3 Qxc3 11. Bh5 Nc6 12. Nxc6 bxc6 13. Qd3
Qc5 14. c3 Qxh5 15. f4 a5 16. Qe3 Ba6 17. Rf3 d6 18. Kh1 Rg8 19. f5 Qg5 20.
Rg3 Qxe3 21. Rxg8+ Ke7 22. Rxa8 Bb5 23. fxe6 Qxe4 24. Ra7+ Kxe6 25. Ra8 c5
26. Rb8 Bc6 27. Rg1 Qc2 28. Re1+ Kd7 29. Rg1 Qxc3 30. Rf8 Qc4 31. Re1 Qd5
32. Rg1 c4 33. h3 c3 34. Kh2 Qe5+ 35. Kh1 Qd5 36. Kh2 c2 37. Kg3 Qg5+ 38.
Kf2 c1=Q 39. Rxc1 Qxc1 40. Rxf7+ Ke6 41. Rc7 Qc2+ 42. Kg3 Qxg2+ 43. Kf4 Be4
44. Rc3 Qd2+ 45. Kxe4 Qxc3 46. a4 Qxh3 47. Kf4 Qh4+ 48. Ke3 Ke5 49. Kf3
Qh3+ 50. Kf2 Kf4 51. Ke2 Ke4 52. Kf2 Qh2+ 53. Ke1 Kd3 54. Kf1 Ke3 55. Ke1
Qe2# { White checkmated } 0-1

[Event "ICC tourney 2074 (75 10)"]
[Site "Internet Chess Club"]
[Date "2020.10.24"]
[Round "1"]
[White "MYMChessWyatt"]
[Black "Fredzhang"]
[Result "1/2-1/2"]
[ICCResult "Black stalemated"]
[WhiteElo "1221"]
[BlackElo "1024"]
[Opening "Sicilian"]
[ECO "B56"]
[NIC "SI.25"]
[Time "11:02:54"]
[PlyCount "177"]
[TimeControl "4500+10"]

1. e4 c5 2. Nf3 d6 3. d4 cxd4 4. Nxd4 Nf6 5. Nc3 Nc6 6. Be3 e5 7. Nxc6 bxc6
8. Bc4 Qc7 9. O-O Be7 10. b4 Be6 11. Bxe6 fxe6 12. f4 exf4 13. Bxf4 e5 14.
Be3 O-O 15. Bg5 Rab8 16. a3 h6 17. Bxf6 Bxf6 18. Ne2 Bg5 19. Ng3 Rxf1+ 20.
Qxf1 c5 21. Nf5 g6 22. Qc4+ Kh8 23. h4 Bf4 24. g3 gxf5 25. gxf4 exf4 26.
Kf2 Rg8 27. bxc5 dxc5 28. Qc3+ Rg7 29. Rg1 fxe4 30. Qf6 Qe7 31. Qxh6+ Rh7
32. Qg6 Qxh4+ 33. Kf1 Qh3+ 34. Rg2 Qh1+ 35. Kf2 Qh4+ 36. Kf1 Qd8 37. Qxe4
Rh1+ 38. Kf2 Qd2+ 39. Kf3 Rf1+ 40. Kg4 Qd7+ 41. Kg5 Qg7+ 42. Kf5 Qh7+ 43.
Rg6 Qf7+ 44. Rf6 Qh5+ 45. Ke6 Re1 46. Rf8+ Kg7 47. Qxe1 Kxf8 48. Qc3 Qg6+
49. Kd5 Qf5+ 50. Kc4 f3 51. Qh8+ Kf7 52. Qh2 f2 53. Qc7+ Kf6 54. Qd8+ Kg6
55. Qg8+ Kh5 56. Qh8+ Kg4 57. Qg7+ Kf3 58. Qc3+ Ke2 59. Kb3 f1=Q 60. Qc4+
Kf3 61. Qxf1+ Ke4 62. Qxf5+ Kxf5 63. Kc4 Ke6 64. Kxc5 Kd7 65. c3 Kc7 66. c4
Kd7 67. Kd5 Kc7 68. Kc5 Kd7 69. Kb5 Kc7 70. Ka6 Kb8 71. a4 Ka8 72. a5 Kb8
73. Kb5 Kc7 74. c5 Kb7 75. a6+ Kc7 76. Kb4 Kc6 77. Kc4 Kc7 78. Kd5 Kd7 79.
c6+ Kc7 80. Kc5 Kc8 81. Kd6 Kd8 82. Kd5 Kc7 83. Kc5 Kd8 84. Kd6 Kc8 85. Kc5
Kc7 86. Kd5 Kc8 87. Kd6 Kd8 88. c7+ Kc8 89. Kc6 { Black stalemated }
1/2-1/2

[Event "ICC tourney 2074 (75 10)"]
[Site "Internet Chess Club"]
[Date "2020.10.24"]
[Round "1"]
[White "FiveTimesNo"]
[Black "unigirl314"]
[Result "1-0"]
[ICCResult "Black checkmated"]
[WhiteElo "1132"]
[BlackElo "875"]
[Opening "Queen's pawn, Mason variation"]
[ECO "D00"]
[NIC "QP.08"]
[Time "11:02:57"]
[PlyCount "115"]
[TimeControl "4500+10"]

1. d4 d5 2. Bf4 Nf6 3. e3 e6 4. Nf3 Bd6 5. Bg3 O-O 6. Bd3 Nbd7 7. Nbd2 Qe8
8. Ne5 a6 9. c3 Bxe5 10. dxe5 Ne4 11. Nxe4 dxe4 12. Bxe4 f6 13. exf6 Nxf6
14. Bf3 c6 15. O-O b5 16. a4 Bb7 17. axb5 axb5 18. Rxa8 Qxa8 19. Qa1 Qc8
20. Rd1 c5 21. Bxb7 Qxb7 22. Bh4 Qf7 23. Bxf6 Qxf6 24. f3 Qf7 25. Qa6 Qe8
26. Qb6 c4 27. Rd6 Kf7 28. Qb7+ Kg8 29. Qd7 Qxd7 30. Rxd7 Rc8 31. Rb7 Rc5
32. Kf2 Kf8 33. e4 Kg8 34. Ke3 e5 35. f4 exf4+ 36. Kxf4 Kf8 37. e5 Ke8 38.
Ke4 Kf8 39. Kd4 Rc8 40. Rxb5 Kf7 41. Rc5 Rxc5 42. Kxc5 Ke6 43. Kd4 Kf5 44.
Kd5 Kg6 45. Kd6 Kf7 46. Kd7 Kf8 47. e6 g6 48. e7+ Kg7 49. e8=Q Kh6 50. Qe3+
Kg7 51. Qd4+ Kh6 52. Qxc4 Kg7 53. b4 Kf8 54. Ke6 Kg7 55. b5 Kh6 56. Kf6 g5
57. Qd5 g4 58. Qg5# { Black checkmated } 1-0

[Event "ICC tourney 2074 (75 10)"]
[Site "Internet Chess Club"]
[Date "2020.10.24"]
[Round "2"]
[White "QueeningPawn8"]
[Black "kushagra12"]
[Result "0-1"]
[ICCResult "White resigns"]
[WhiteElo "902"]
[BlackElo "1063"]
[Opening "Sicilian: Pelikan (Lasker/Sveshnikov) variation"]
[ECO "B33"]
[NIC "SI.35"]
[Time "14:31:21"]
[PlyCount "56"]
[TimeControl "4500+10"]

1. e4 c5 2. Nf3 Nc6 3. d4 cxd4 4. Nxd4 Nf6 5. Nc3 e5 6. Nf5 d6 7. Bb5 Bxf5
8. exf5 Qd7 9. Be3 Qxf5 10. Qd2 Be7 11. f3 O-O 12. O-O-O Rfd8 13. Rdg1 d5
14. g4 Qxf3 15. Rg3 Qxh1+ 16. Rg1 Qf3 17. Rg3 Ne4 18. Rxf3 Nxd2 19. Kxd2 d4
20. Bf2 dxc3+ 21. Kxc3 Nd4 22. Bxd4 exd4+ 23. Kd3 a6 24. Bc4 Rf8 25. Kxd4
Bf6+ 26. Ke4 Rfe8+ 27. Kd3 Rad8+ 28. Bd5 Rxd5+ { White resigns } 0-1

[Event "ICC tourney 2074 (75 10)"]
[Site "Internet Chess Club"]
[Date "2020.10.24"]
[Round "2"]
[White "RatislavK"]
[Black "AF1015"]
[Result "1-0"]
[ICCResult "Black resigns"]
[WhiteElo "1187"]
[BlackElo "913"]
[Opening "Queen's pawn"]
[ECO "A40"]
[NIC "QO.17"]
[Time "14:32:36"]
[PlyCount "53"]
[TimeControl "4500+10"]

1. d4 e6 2. Nf3 d5 3. Bf4 Nc6 4. e3 h6 5. h4 Nf6 6. Nbd2 Bd7 7. Ne5 Bd6 8.
c3 a6 9. g4 Ne4 10. Bd3 Nxd2 11. Kxd2 Nxe5 12. dxe5 Bc5 13. Be2 Bb5 14. g5
h5 15. Bxh5 g6 16. Bf3 Bb6 17. Qc2 c5 18. h5 d4 19. Rad1 dxe3+ 20. Kc1 Qc7
21. hxg6 Rxh1 22. Bxh1 exf2 23. Qxf2 c4 24. Qh2 Ke7 25. Qh7 Rf8 26. g7 Re8
27. Qh6 { Black resigns } 1-0

[Event "ICC tourney 2074 (75 10)"]
[Site "Internet Chess Club"]
[Date "2020.10.24"]
[Round "2"]
[White "Aadarsh99"]
[Black "oxdidi"]
[Result "1-0"]
[ICCResult "Black resigns"]
[WhiteElo "1159"]
[BlackElo "1073"]
[Opening "King's Indian: fianchetto with ...Nd7"]
[ECO "E67"]
[NIC "KI.76"]
[Time "14:32:19"]
[PlyCount "83"]
[TimeControl "4500+10"]

1. d4 Nf6 2. c4 g6 3. Nc3 Bg7 4. Nf3 d6 5. g3 O-O 6. Bg2 Nbd7 7. O-O Re8 8.
d5 Nc5 9. Rb1 Bf5 10. Ra1 Qd7 11. Bd2 Bh3 12. Re1 Bxg2 13. Kxg2 c6 14. e4
e5 15. b4 Na6 16. Rb1 cxd5 17. exd5 Rad8 18. Qc2 Rc8 19. Qb3 Qc7 20. Nb5
Qb6 21. Be3 Qd8 22. Nxa7 Ra8 23. b5 Nc5 24. Bxc5 dxc5 25. b6 Nd7 26. Nb5
Qxb6 27. Qe3 Rxa2 28. Nc3 Rb2 29. Na4 Qb4 30. Nxb2 e4 31. Ng1 Bxb2 32. Qe2
Qa5 33. Rxb2 b6 34. Qe3 Nf6 35. Reb1 Rb8 36. Ne2 Kg7 37. Nc3 Kf8 38. Qh6+
Kg8 39. Qf4 Nd7 40. Nxe4 Qa4 41. Qc7 Qxc4 42. Nf6+ { Black resigns } 1-0

[Event "ICC tourney 2074 (75 10)"]
[Site "Internet Chess Club"]
[Date "2020.10.24"]
[Round "2"]
[White "TemporaryOtter"]
[Black "Maximusiv"]
[Result "1-0"]
[ICCResult "Black resigns"]
[WhiteElo "897"]
[BlackElo "1002"]
[Opening "Scandinavian defense"]
[ECO "B01"]
[NIC "SD.03"]
[Time "14:31:35"]
[PlyCount "69"]
[TimeControl "4500+10"]

1. e4 d5 2. exd5 Nf6 3. Nc3 Bg4 4. Nf3 Nxd5 5. Nxd5 Qxd5 6. Be2 Nc6 7. O-O
e5 8. d3 O-O-O 9. c4 Qd7 10. Bg5 f6 11. Be3 Nd4 12. Nxd4 exd4 13. Bxg4 f5
14. Bg5 Re8 15. Bf3 Bd6 16. Qb3 c6 17. g3 h6 18. Bd2 h5 19. Rac1 h4 20. c5
Be5 21. Qd1 hxg3 22. fxg3 Qc7 23. Be1 g5 24. Bh5 Ref8 25. Bg6 Qd7 26. Qf3
f4 27. g4 Qg7 28. Qe4 f3 29. Bf5+ Kb8 30. Qxf3 Bxh2+ 31. Kg2 Bf4 32. Bg3
Qc7 33. Bxf4 gxf4 34. Qxf4 Rhg8 35. Qxc7+ { Black resigns } 1-0

[Event "ICC tourney 2074 (75 10)"]
[Site "Internet Chess Club"]
[Date "2020.10.24"]
[Round "2"]
[White "tundrarules"]
[Black "MYMChessWyatt"]
[Result "1-0"]
[ICCResult "Black checkmated"]
[WhiteElo "1034"]
[BlackElo "1195"]
[Opening "Sicilian"]
[ECO "B50"]
[NIC "SI.01"]
[Time "14:31:38"]
[PlyCount "45"]
[TimeControl "4500+10"]

1. e4 c5 2. Nf3 d6 3. Nc3 a6 4. d4 cxd4 5. Nxd4 e6 6. Bc4 b5 7. Bb3 Bb7 8.
O-O b4 9. Nce2 Bxe4 10. f3 Bb7 11. Re1 Nf6 12. Bg5 Be7 13. Qd2 d5 14. Ba4+
Nbd7 15. Bxf6 Bxf6 16. Qxb4 Rb8 17. Qd6 Rc8 18. Nf5 Qc7 19. Nf4 Bc6 20.
Nxe6 Qb6+ 21. Kh1 Bxa4 22. Qe7+ Bxe7 23. Nfxg7# { Black checkmated } 1-0

[Event "ICC tourney 2074 (75 10)"]
[Site "Internet Chess Club"]
[Date "2020.10.24"]
[Round "2"]
[White "Nathan-Shamalov"]
[Black "BArkadia"]
[Result "1-0"]
[ICCResult "Black checkmated"]
[WhiteElo "1135"]
[BlackElo "1181"]
[Opening "Ponziani opening"]
[ECO "C44"]
[NIC "KP.05"]
[Time "14:32:36"]
[PlyCount "69"]
[TimeControl "4500+10"]

1. e4 e5 2. Nf3 Nc6 3. c3 d5 4. exd5 Qxd5 5. Be2 e4 6. Nd4 Nxd4 7. cxd4 e3
8. dxe3 Qxg2 9. Bf3 Qg6 10. Nc3 Nf6 11. Qa4+ Bd7 12. Qb3 Rb8 13. Nd5 Bd6
14. Bd2 O-O 15. O-O-O Nxd5 16. Bxd5 c6 17. Bf3 Be6 18. d5 cxd5 19. Bxd5
Rfc8+ 20. Bc3 b5 21. Bxe6 Qxe6 22. Qxe6 fxe6 23. Rxd6 b4 24. Kc2 bxc3 25.
bxc3 Rf8 26. f4 e5 27. fxe5 Rf2+ 28. Kd3 Rxa2 29. e6 Re8 30. Rf1 Rxh2 31.
e7 Rh6 32. Rd8 Rd6+ 33. Rxd6 Rxe7 34. Rd8+ Re8 35. Rxe8# { Black checkmated
} 1-0

[Event "ICC tourney 2074 (75 10)"]
[Site "Internet Chess Club"]
[Date "2020.10.24"]
[Round "2"]
[White "unigirl314"]
[Black "JCJ2018"]
[Result "1-0"]
[ICCResult "Black checkmated"]
[WhiteElo "901"]
[BlackElo "1012"]
[Opening "Scotch opening"]
[ECO "C44"]
[NIC "KP.10"]
[Time "14:32:01"]
[PlyCount "27"]
[TimeControl "4500+10"]

1. e4 e5 2. Nf3 Nc6 3. d4 Bd6 4. Bc4 Nf6 5. Nc3 Bb4 6. dxe5 Nxe4 7. Qd5 O-O
8. Qxe4 Nxe5 9. Nxe5 Qf6 10. Nxf7 Bxc3+ 11. bxc3 Qxc3+ 12. Ke2 Qxa1 13.
Ng5+ Rf7 14. Qe8# { Black checkmated } 1-0

[Event "ICC tourney 2074 (75 10)"]
[Site "Internet Chess Club"]
[Date "2020.10.24"]
[Round "2"]
[White "scarecrow"]
[Black "ayanloveschess"]
[Result "0-1"]
[ICCResult "White resigns"]
[WhiteElo "1129"]
[BlackElo "887"]
[Opening "English: Bremen, reverse dragon"]
[ECO "A22"]
[NIC "EO.10"]
[Time "14:31:41"]
[PlyCount "80"]
[TimeControl "4500+10"]

1. c4 Nf6 2. Nc3 e5 3. g3 d5 4. cxd5 Nxd5 5. Bg2 Nxc3 6. bxc3 Be7 7. e3 O-O
8. Ne2 Nc6 9. O-O Be6 10. d4 Bc4 11. Bxc6 bxc6 12. Re1 Re8 13. Qa4 Bb5 14.
Qc2 Bf6 15. dxe5 Bxe5 16. Rd1 Qe7 17. a4 Bc4 18. Ba3 Qe6 19. Nd4 Bxd4 20.
cxd4 Bb3 21. Qd2 Bxd1 22. Qxd1 Rad8 23. Bb2 Qd5 24. Rc1 c5 25. Qc2 cxd4 26.
Bxd4 Rc8 27. Bxa7 Red8 28. Bd4 Qd7 29. Bb2 Qd2 30. Qxd2 Rxd2 31. Bc3 Ra2
32. a5 c5 33. Kg2 Ra4 34. Kf3 Kf8 35. Bd2 Ke7 36. Ke2 Ra2 37. Kd3 Rd8+ 38.
Kc4 Rdxd2 39. Kxc5 Rac2+ 40. Rxc2 Rxc2+ { White resigns } 0-1

[Event "ICC tourney 2074 (75 10)"]
[Site "Internet Chess Club"]
[Date "2020.10.24"]
[Round "2"]
[White "nsuralik"]
[Black "lucachesschess"]
[Result "1-0"]
[ICCResult "Black checkmated"]
[WhiteElo "1240"]
[BlackElo "1242"]
[Opening "Sicilian defense"]
[ECO "B33"]
[NIC "SI.34"]
[Time "14:31:56"]
[PlyCount "63"]
[TimeControl "4500+10"]

1. e4 c5 2. Nf3 Nc6 3. d4 cxd4 4. Nxd4 Nf6 5. Nc3 g6 6. Be2 Bg7 7. Nb3 O-O
8. O-O b6 9. Re1 Bb7 10. Bf3 d6 11. Nd5 Ne5 12. Nxf6+ Bxf6 13. c3 Nxf3+ 14.
Qxf3 d5 15. e5 Bg7 16. Bf4 e6 17. Nd4 Qd7 18. Qe3 Rac8 19. Bh6 Ba6 20. Bxg7
Kxg7 21. Qh3 Rh8 22. Qh4 Qd8 23. Qf4 h5 24. Re3 Qe7 25. Rg3 Rcg8 26. Nc6
Qd7 27. Qf6+ Kh7 28. Nd4 Rg7 29. Nf3 Qd8 30. Ng5+ Kh6 31. Nxf7+ Rxf7 32.
Qxg6# { Black checkmated } 1-0

[Event "ICC tourney 2074 (75 10)"]
[Site "Internet Chess Club"]
[Date "2020.10.24"]
[Round "2"]
[White "Fredzhang"]
[Black "travelworld"]
[Result "1/2-1/2"]
[ICCResult "Game drawn by repetition"]
[WhiteElo "1011"]
[BlackElo "1144"]
[Opening "King's Indian: 5.Nf3"]
[ECO "E90"]
[NIC "KI.22"]
[Time "14:31:29"]
[PlyCount "189"]
[TimeControl "4500+10"]

1. d4 Nf6 2. c4 g6 3. Nc3 Bg7 4. e4 d6 5. Nf3 Nc6 6. d5 Ne5 7. Nxe5 dxe5 8.
Be3 O-O 9. Be2 a6 10. b3 Re8 11. f3 e6 12. dxe6 Bxe6 13. O-O c6 14. Qxd8
Raxd8 15. Rfd1 Rc8 16. Bb6 Nd7 17. Be3 f5 18. exf5 gxf5 19. Rac1 f4 20. Bf2
b6 21. Ne4 Bf8 22. Rxd7 Bxd7 23. Nf6+ Kf7 24. Nxd7 Rcd8 25. Nxb6 Rd2 26.
Re1 Rxa2 27. c5 Rc2 28. b4 Rb2 29. Bxa6 Rxb4 30. Bd3 Rd8 31. Bxh7 Rd2 32.
Be4 Rxf2 33. Kxf2 Bxc5+ 34. Kf1 Rxb6 35. Rc1 Be3 36. Rxc6 Rxc6 37. Bxc6 Kf6
38. h4 Bc5 39. Be8 Kg7 40. h5 Kh6 41. Ke2 Bd4 42. Kd3 Kg5 43. Kc4 Kh6 44.
Kd5 Kg5 45. Ke6 Kh6 46. Kf5 Bc3 47. Kg4 Bd4 48. Kf5 Bc3 49. Bg6 Bd4 50. Kf6
e4+ 51. Ke6 e3 52. Bd3 e2 53. Bxe2 Be3 54. Bd3 Kxh5 55. Bf5 Kh4 56. Bh3 Kg3
57. Kf5 Bd2 58. Ke4 Be3 59. Kf5 Bd2 60. Kg5 Be3 61. Bg4 Kxg2 62. Kh4 Bf2+
63. Kg5 Kg3 64. Kh5 Be3 65. Kg5 Bd2 66. Kf5 Be3 67. Ke4 Bc1 68. Bh5 Be3 69.
Kd3 Bc1 70. Kc2 Be3 71. Bg4 Kf2 72. Kd3 Kg3 73. Ke4 Bd2 74. Kf5 Be3 75. Ke4
Bd2 76. Kd3 Be3 77. Ke2 Bc1 78. Bh5 Be3 79. Kf1 Bd2 80. Kg1 Be3+ 81. Kh1
Bf2 82. Bg4 Be3 83. Bh5 Bf2 84. Bg4 Be3 85. Bh5 Bf2 86. Bg4 Be3 87. Bh5 Bf2
88. Bg4 Be3 89. Bh5 Bf2 90. Bg4 Be3 91. Bh5 Bf2 92. Bg4 Be3 93. Bh5 Bf2 94.
Bg4 Be3 95. Bh5 { Game drawn by repetition } 1/2-1/2

[Event "ICC tourney 2074 (75 10)"]
[Site "Internet Chess Club"]
[Date "2020.10.24"]
[Round "2"]
[White "DaveGriffin"]
[Black "FiveTimesNo"]
[Result "1-0"]
[ICCResult "Black resigns"]
[WhiteElo "815"]
[BlackElo "1051"]
[Opening "Sicilian: dragon, Yugoslav attack, 7...O-O"]
[ECO "B76"]
[NIC "SI.17"]
[Time "14:31:25"]
[PlyCount "75"]
[TimeControl "4500+10"]

1. e4 c5 2. Nf3 d6 3. d4 cxd4 4. Nxd4 Nf6 5. Nc3 g6 6. f3 Bg7 7. Be3 O-O 8.
Qd2 Nc6 9. Nxc6 bxc6 10. Bh6 Rb8 11. Bxg7 Kxg7 12. O-O-O Bd7 13. g4 Qa5 14.
h4 h5 15. gxh5 Nxh5 16. Bc4 Be6 17. Bb3 Bxb3 18. cxb3 Rfd8 19. Rhg1 Qe5 20.
Kb1 Rd7 21. Rg5 Qf4 22. Qf2 e6 23. Rdg1 d5 24. R1g4 Qf6 25. e5 Qe7 26. Rxh5
Rb4 27. Rhg5 Rxg4 28. Rxg4 Rb7 29. h5 Rb4 30. Rxb4 Qxb4 31. hxg6 fxg6 32.
Qxa7+ Kh6 33. Qe3+ Kg7 34. Ne2 Qe1+ 35. Kc2 Qh4 36. a3 g5 37. Nd4 Qh2+ 38.
Kb1 { Black resigns } 1-0

[Event "ICC tourney 2074 (75 10)"]
[Site "Internet Chess Club"]
[Date "2020.10.24"]
[Round "2"]
[White "Jmarley538"]
[Black "funderdifflin"]
[Result "1-0"]
[ICCResult "Black resigns"]
[WhiteElo "1205"]
[BlackElo "666"]
[Opening "Caro-Kann: Panov-Botvinnik attack"]
[ECO "B13"]
[NIC "CK.02"]
[Time "14:32:08"]
[PlyCount "95"]
[TimeControl "4500+10"]

1. e4 c6 2. d4 d5 3. exd5 cxd5 4. c4 Nf6 5. Nf3 Nc6 6. Nc3 Bf5 7. b3 e6 8.
Bd3 Bg4 9. Be2 Bf5 10. O-O Be7 11. Nh4 Bg6 12. Nxg6 hxg6 13. Bf4 dxc4 14.
bxc4 Qxd4 15. Qd2 Qxd2 16. Bxd2 O-O-O 17. Be3 Nd4 18. Bd1 Kb8 19. Nb5 Bc5
20. Bf4+ Kc8 21. Re1 Nc6 22. Bf3 Nh5 23. Be3 Bxe3 24. Rxe3 a6 25. Rc1 Nd4
26. Nxd4 Rxd4 27. Rb3 Rd7 28. c5 Re8 29. c6 bxc6 30. Bxc6 Rc7 31. Bb7+ Kd8
32. Rd3+ Rd7 33. Rxd7+ Kxd7 34. Bc6+ Ke7 35. Bxe8 Kxe8 36. Rc6 Nf4 37. Rxa6
Nd5 38. Rc6 Kd7 39. Rc1 Nf4 40. Kf1 Nd5 41. a4 Nb4 42. Ke2 Nc6 43. Ke3 f6
44. f4 Kc7 45. a5 Kb7 46. Rb1+ Kc7 47. a6 Kc8 48. Rb7 { Black resigns } 1-0

[Event "ICC tourney 2074 (75 10)"]
[Site "Internet Chess Club"]
[Date "2020.10.24"]
[Round "3"]
[White "JCJ2018"]
[Black "QueeningPawn8"]
[Result "1-0"]
[ICCResult "Black checkmated"]
[WhiteElo "1046"]
[BlackElo "900"]
[Opening "Sicilian: Najdorf, 6.Bg5"]
[ECO "B94"]
[NIC "SI.04"]
[Time "18:01:32"]
[PlyCount "33"]
[TimeControl "4500+10"]

1. e4 c5 2. Nf3 d6 3. d4 cxd4 4. Nxd4 Nf6 5. Nc3 a6 6. Bg5 e5 7. Nf3 h6 8.
Bh4 Be7 9. Bd3 Be6 10. O-O Nbd7 11. h3 O-O 12. Nh2 d5 13. Bxf6 Nxf6 14. Qf3
dxe4 15. Nxe4 Nxe4 16. Qxe4 Qd4 17. Qh7# { Black checkmated } 1-0